 Dungeon Crawl Stone Soup version 0.29-a0-824-gd827844252 (webtiles) character file.

Game seed: 5886021421475161194

6384 greasedhog the Blocker (level 10, 0/83 HPs)
             Began as a Gnoll Fighter on July 11, 2022.
             Was an Elder of Okawaru.
             Slain by a cyclops (27 damage)
             ... on level 11 of the Dungeon.
             The game lasted 00:28:23 (13640 turns).

greasedhog the Blocker (Gnoll Fighter)             Turns: 13640, Time: 00:28:24

Health: 0/83       AC: 14    Str: 17    XL:     10   Next: 97%
Magic:  19/19      EV: 16    Int: 10    God:    Okawaru [****..]
Gold:   576        SH:  6    Dex: 14    Spells: 18/21 levels left

rFire   . . .      SeeInvis .   r - +2 short sword (venom)
rCold   . . .      Faith    .   c - +0 buckler
rNeg    + . .      Spirit   .   f - +0 scale mail
rPois   .          Reflect  .   l - +0 helmet
rElec   .          Harm     .   L - +0 cloak
rCorr   .          Rampage  .   t - +0 pair of gloves
Will    .....                   e - +0 pair of boots
Stlth   ++........              j - amulet of magic regeneration
HPRegen 0.23/turn               F - ring "Henkomism" {EV+4 Int+2}
MPRegen 0.56/turn               x - ring of positive energy

@: no status effects
A: fangs 1, strong nose, distributed training
a: Renounce Religion, Heroism, Finesse


You were on level 11 of the Dungeon.
You worshipped Okawaru.
Okawaru was greatly pleased with you.
You visited 2 branches of the dungeon, and saw 12 of its levels.

You collected 780 gold pieces.
You spent 204 gold pieces at shops.

Inventory:

Hand Weapons
 a - a +3 trident of chaos
 b - a +0 sling
 r - a +2 short sword of venom (weapon)
 B - a +4 rapier of electrocution
Missiles
 s - 2 atropa-tipped darts
 D - 10 javelins
Armour
 c - a +0 buckler (worn)
 e - a +0 pair of boots (worn)
 f - a +0 scale mail (worn)
 l - a +0 helmet (worn)
 t - a +0 pair of gloves (worn)
 L - a +0 cloak (worn)
Jewellery
 j - an amulet of magic regeneration (around neck)
 m - a ring of ice
 x - a ring of positive energy (right hand)
 F - the ring "Henkomism" (left hand) {EV+4 Int+2}
   (You found it on level 9 of the Dungeon)

   [ring of evasion]

   EV:        It affects your evasion (+4).
   Int:       It affects your intelligence (+2).
Wands
 w - a wand of mindburst (3)
 C - a wand of flame (38)
Scrolls
 o - a scroll of poison
 q - 3 scrolls of enchant armour
 u - 4 scrolls of fear
 y - 3 scrolls of teleportation
 A - 2 scrolls of enchant weapon
 G - a scroll of amnesia
 I - a scroll of magic mapping
 M - a scroll of identify
 N - a scroll of immolation
Potions
 d - 3 potions of might
 g - a potion of heal wounds
 h - 5 potions of curing
 i - 3 potions of attraction {unknown}
 k - 2 potions of cancellation {unknown}
 n - 3 potions of haste
 p - a potion of brilliance {unknown}
 v - 2 potions of mutation {unknown}
 z - a potion of lignification {unknown}
 E - a potion of flight {unknown}
 H - a potion of resistance {unknown}
 J - a potion of invisibility {unknown}
 K - 2 potions of magic {unknown}
 O - a potion of berserk rage {unknown}


   Skills:
 + Level 9.0 Fighting
 + Level 6.0 Short Blades
 + Level 6.0 Long Blades
 + Level 6.0 Axes
 + Level 6.0 Maces & Flails
 + Level 7.6 Polearms
 + Level 6.0 Staves
 + Level 6.0 Ranged Weapons
 + Level 6.0 Throwing
 + Level 9.0 Armour
 + Level 6.0 Dodging
 + Level 6.0 Stealth
 + Level 9.0 Shields
 + Level 6.0 Unarmed Combat
 + Level 6.0 Spellcasting
 + Level 4.9 Conjurations
 + Level 4.9 Hexes
 + Level 4.9 Summonings
 + Level 4.9 Necromancy
 + Level 4.9 Translocations
 + Level 4.9 Transmutations
 + Level 4.9 Fire Magic
 + Level 4.9 Ice Magic
 + Level 4.9 Air Magic
 + Level 4.9 Earth Magic
 + Level 4.9 Poison Magic
 + Level 6.5 Invocations
 + Level 6.0 Evocations


You had 18 spell levels left.
You knew the following spells:

 Your Spells              Type           Power      Damage    Failure   Level
a - Swiftness             Air            12%        N/A       28%         3

Your spell library contained the following spells:

 Spells                   Type           Power      Damage    Failure   Level
 Beastly Appendage        Tmut           24%        N/A       10%         1
 Shock                    Conj/Air       48%        1d6       10%         1
 Static Discharge         Conj/Air       12%        3-5/arc   14%         2
 Wereblood                Tmut           12%        N/A       14%         2
 Spider Form              Tmut/Pois      12%        N/A       28%         3
 Airstrike                Air            6%         0-3+      67%         4
 Lightning Bolt           Conj/Air       6%         1d18      95%         5
 Maxwell's Capacitive Co  Air            6%         ∞         100%        8


Dungeon Overview and Level Annotations

Branches:
Dungeon (11/15)            Temple (1/1) D:4
   Lair: D:8-11         Orc: D:9-12

Altars:
Ashenzari
Cheibriados
Dithmenos
Elyvilon
Fedhas
Gozag
Hepliaklqana
Kikubaaqudgha
Makhleb
Nemelex Xobeh
Okawaru
Qazlal
Ru
Sif Muna
Trog
Uskayaw
Vehumet
Wu Jian
Xom
Yredelemnul
Zin
The Shining One

Shops:
D:4 ?   D:7 ?*

Annotations:
D:2 1 runed translucent door, Crazy Yiuf
D:9 exclusion: orange crystal statue


Innate Abilities, Weirdness & Mutations

You have very sharp teeth.
Your uncanny sense of smell can sniff out nearby items.
Your experience applies equally to all skills.


Message History

You shoot a sling bullet. The sling bullet hits the cyclops.
The cyclops is lightly wounded.
The cyclops throws a large rock.
The large rock hits you!
You shoot a sling bullet.
The sling bullet hits the cyclops but does no damage.
The cyclops is lightly wounded.
The cyclops throws a large rock.
You block the large rock.
You shoot a sling bullet.
The sling bullet hits the cyclops but does no damage.
The cyclops is lightly wounded.
You shoot a sling bullet.
The sling bullet hits the cyclops but does no damage.
The cyclops is lightly wounded.
The cyclops throws a large rock.
The large rock hits you!
You shoot a sling bullet.
The sling bullet hits the cyclops but does no damage.
The cyclops is lightly wounded.
You shoot a sling bullet. The sling bullet hits the cyclops.
The cyclops is lightly wounded.
There is a stone staircase leading up, spattered with blood here.
You climb upwards.
There is a stone staircase leading down here.
Your +2 short sword of venom begins to drip with poison!
r - a +2 short sword of venom (weapon)
You start resting.
HP restored.
You climb downwards.
There is a stone staircase leading up, spattered with blood here.
The cyclops hits you!
You barely miss the cyclops. You bite the cyclops, but do no damage.
The cyclops hits you!!
You hit the cyclops.
The cyclops is lightly wounded.
You hit the cyclops.
The cyclops is poisoned.
The cyclops is lightly wounded.
The cyclops hits you!!
You hit the cyclops but do no damage.
The cyclops looks even sicker.
The cyclops is lightly wounded.
The cyclops hits you!!
You die...

## ##..# >.
....# .
####.##.#.###.#
..............#
........<......
.##........# ..
#.# ∆ #. #C#
#.#.#.#@###.#...
........<.......
.>###.#######...
... ###


You could see a cyclops (very poisoned).

Vanquished Creatures
  Pikel (D:5)
  A manticore (D:11)
  A troll (D:6)
  Prince Ribbit (D:5)
  Eustachio (D:6)
  A wyvern (D:7)
  2 vampire mosquitoes (D:11)
  A steam dragon (D:9)
  Edmund (D:5)
  A water moccasin (D:7)
  3 ice beasts
  A black bear (D:5)
  3 orc warriors
  5 centaurs
  3 ogres
  A phantom (D:4)
  2 kobold brigands
  5 necrophages
  3 bullfrogs
  5 scorpions
  5 wights
  A water moccasin zombie (D:4)
  7 killer bees
  5 howler monkeys
  A bullfrog zombie (D:4)
  A human zombie (D:4)
  9 hounds
  4 orc priests
  4 jellies
  2 iguanas
  Ijyb (D:5)
  7 orc wizards
  2 hound zombies (D:4)
  3 gnolls (D:6)
  9 adders
  A shadow imp (D:6)
  2 ufetubi
  2 adder zombies (D:4)
  4 worms
  4 dart slugs
  43 orcs
  7 ball pythons
  7 endoplasms
  4 giant cockroaches
  5 goblins
  7 hobgoblins
  4 jackals
  13 kobolds
  4 quokkas
  5 bats
  7 frilled lizards
  A jackal zombie (D:4)
  5 rats
228 creatures vanquished.

Vanquished Creatures (others)
  4 toadstools (D:10)
4 creatures vanquished.

Grand Total: 232 creatures vanquished

Notes
Turn   | Place    | Note
-------+----------+-------------------------------------------
     0 | D:1      | greasedhog the Gnoll Fighter began the quest for the Orb.
     0 | D:1      | Reached XP level 1. HP: 23/23 MP: 1/1
   144 | D:1      | Reached XP level 2. HP: 29/29 MP: 2/2
   462 | D:1      | Reached XP level 3. HP: 30/35 MP: 3/3
   909 | D:1      | Reached skill level 1 in Invocations
  1124 | D:1      | Reached skill level 1 in Short Blades
  1124 | D:1      | Reached skill level 1 in Long Blades
  1124 | D:1      | Reached skill level 1 in Axes
  1124 | D:1      | Reached skill level 1 in Maces & Flails
  1124 | D:1      | Reached skill level 1 in Staves
  1124 | D:1      | Reached skill level 1 in Ranged Weapons
  1124 | D:1      | Reached skill level 1 in Throwing
  1124 | D:1      | Reached skill level 1 in Dodging
  1124 | D:1      | Reached skill level 1 in Stealth
  1124 | D:1      | Reached skill level 1 in Unarmed Combat
  1124 | D:1      | Reached skill level 1 in Spellcasting
  1124 | D:1      | Reached skill level 1 in Evocations
  1314 | D:2      | Reached XP level 4. HP: 41/41 MP: 5/5
  1548 | D:2      | Found a shimmering altar of Xom.
  1619 | D:2      | Reached skill level 1 in Conjurations
  1619 | D:2      | Reached skill level 1 in Hexes
  1619 | D:2      | Reached skill level 1 in Summonings
  1619 | D:2      | Reached skill level 1 in Necromancy
  1619 | D:2      | Reached skill level 1 in Translocations
  1619 | D:2      | Reached skill level 1 in Transmutations
  1619 | D:2      | Reached skill level 1 in Fire Magic
  1619 | D:2      | Reached skill level 1 in Ice Magic
  1619 | D:2      | Reached skill level 1 in Air Magic
  1619 | D:2      | Reached skill level 1 in Earth Magic
  1619 | D:2      | Reached skill level 1 in Poison Magic
  1693 | D:2      | Found a runed translucent door.
  1695 | D:2      | Noticed Crazy Yiuf
  2226 | D:3      | Found a blossoming altar of Fedhas.
  2266 | D:3      | Reached XP level 5. HP: 41/47 MP: 5/7
  2722 | D:3      | Noticed an ogre
  2738 | D:3      | Killed an ogre
  2739 | D:3      | Reached skill level 5 in Polearms
  2739 | D:3      | Reached XP level 6. HP: 52/53 MP: 8/8
  3085 | D:3      | Found a faded altar of an unknown god.
  3536 | D:4      | Found a staircase to the Ecumenical Temple.
  3545 | Temple   | Entered the Ecumenical Temple
  3552 | Temple   | Became a worshipper of Warmaster Okawaru
  3938 | D:4      | Reached XP level 7. HP: 39/59 MP: 10/10
  4312 | D:4      | Found Keaq's Magic Scroll Boutique.
  4315 | D:4      | Bought a scroll of identify for 20 gold pieces
  4315 | D:4      | Bought a scroll of identify for 20 gold pieces
  4315 | D:4      | Bought a scroll of fear for 35 gold pieces
  4652 | D:4      | Reached XP level 8. HP: 26/61 MP: 12/12
  4735 | D:4      | Found an ancient bone altar of Kikubaaqudgha.
  5069 | D:5      | Entered Level 5 of the Dungeon
  5115 | D:5      | Reached * piety under Okawaru
  5178 | D:5      | Noticed Edmund
  5195 | D:5      | Killed Edmund
  5397 | D:5      | Found a radiant altar of Vehumet.
  5422 | D:5      | Noticed Ijyb
  5434 | D:5      | Killed Ijyb
  5997 | D:5      | Reached XP level 9. HP: 70/73 MP: 14/14
  6014 | D:5      | Found a basalt altar of Yredelemnul.
  6014 | D:5      | Noticed Pikel
  6037 | D:5      | Killed Pikel
  6037 | D:5      | Reached ** piety under Okawaru
  6306 | D:5      | Noticed Prince Ribbit
  6313 | D:5      | Killed Prince Ribbit
  6441 | D:6      | Noticed a troll
  6456 | D:6      | Killed a troll
  6457 | D:6      | Reached skill level 5 in Invocations
  6506 | D:6      | Found a glowing golden altar of the Shining One.
  6611 | D:6      | Reached *** piety under Okawaru
  7443 | D:6      | Noticed Eustachio
  7480 | D:6      | Killed Eustachio
  7839 | D:7      | Found Pasiut's General Store.
  7845 | D:7      | Bought a scroll of identify for 32 gold pieces
  8068 | D:7      | Reached skill level 5 in Short Blades
  8068 | D:7      | Reached skill level 5 in Long Blades
  8068 | D:7      | Reached skill level 5 in Axes
  8068 | D:7      | Reached skill level 5 in Maces & Flails
  8068 | D:7      | Reached skill level 5 in Staves
  8068 | D:7      | Reached skill level 5 in Ranged Weapons
  8068 | D:7      | Reached skill level 5 in Throwing
  8068 | D:7      | Reached skill level 5 in Dodging
  8068 | D:7      | Reached skill level 5 in Stealth
  8068 | D:7      | Reached skill level 5 in Unarmed Combat
  8068 | D:7      | Reached skill level 5 in Spellcasting
  8068 | D:7      | Reached skill level 5 in Evocations
  8068 | D:7      | Reached XP level 10. HP: 16/81 MP: 17/17
  8629 | D:7      | Received a gift from Okawaru
  9379 | D:7      | Found Doafenos's Magic Scroll Shop.
  9387 | D:7      | Bought a scroll of identify for 26 gold pieces
  9387 | D:7      | Bought a scroll of amnesia for 45 gold pieces
  9387 | D:7      | Bought a scroll of identify for 26 gold pieces
  9461 | D:7      | Found an ornate altar of the Wu Jian Council.
  9474 | D:7      | Reached **** piety under Okawaru
  9881 | D:8      | You fall into a shaft and drop 2 floors!
  9881 | D:10     | Entered Level 10 of the Dungeon
  9889 | D:10     | Learned a level 3 spell: Swiftness
  9912 | D:9      | Found a shadowy altar of Dithmenos.
  9996 | D:9      | Noticed an orange crystal statue
  9998 | D:9      | Noticed a centaur warrior
 12235 | D:9      | Identified the ring "Henkomism" {EV+4 Int+2}
 13287 | D:11     | Noticed a manticore
 13315 | D:11     | Killed a manticore
 13461 | D:11     | Noticed a cyclops
 13640 | D:11     | Slain by a cyclops

Illustrated notes

Levels and vault maps discovered:
D:1:      saegor_arrival_simple_e, layout_basic, minivault_23,
          grunt_decor_arrowhead
D:2:      layout_basic, basic_altar, uniq_crazy_yiuf_cottage
D:3:      layout_loops_ring, mainiacjoe_overflow_paths,
          ebering_ecumenical_altar_sacrificial, chequers_serial_rivers_micro_d
D:4:      layout_loops_ring, lemuel_mausoleum_altar_kikubaaqudgha,
          lemuel_temple_firewalk_b, serial_shops, nicolae_shop_behind_doors
D:5:      minmay_recursive_quarters, layout_rooms,
          nicolae_overflow_hidden_temple, lemuel_round_altar, uniq_edmund,
          uniq_ijyb, uniq_pikel, uniq_prince_ribbit1
D:6:      layout_loops_ring, general_overflow_altar, chequers_hall_statues_y,
          chequers_serial_rivers_small_a, kennysheep_path_1,
          chequers_serial_rivers_room_b, uniq_eustachio
D:7:      layout_loops_ring, mainiacjoe_overflow_alcove_4, serial_shops,
          nicolae_stop_n_shop_1, shop
D:8:      layout_gridville, chequers_avenue, small_statue_intersection
D:9:      layout_basic, nicolae_overflow_crystal_walls, minmay_protected_statue
D:10:     layout_basic, minmay_gold_behind_fungi
D:11:     layout_loops_ring, lair_entry_dummy, serial_shops,
          nicolae_shop_crystal, fedhas_bush_and_centaur_altar
Temple:   nicolae_temple_no_exploring_needed

Skill      XL: |  1  2  3  4  5  6  7  8  9 10 |
---------------+-------------------------------+-----
Invocations    | 1 2 3 4 5 6 |  6.5
Short Blades   | 1 2 3 5 6 |  6.0
Long Blades    | 1 2 3 5 6 |  6.0
Axes           | 1 2 3 5 6 |  6.0
Maces & Flails | 1 2 3 5 6 |  6.0
Staves         | 1 2 3 5 6 |  6.0
Ranged Weapons | 1 2 3 5 6 |  6.0
Throwing       | 1 2 3 5 6 |  6.0
Dodging        | 1 2 3 5 6 |  6.0
Stealth        | 1 2 3 5 6 |  6.0
Unarmed Combat | 1 2 3 5 6 |  6.0
Spellcasting   | 1 2 3 5 6 |  6.0
Evocations     | 1 2 3 5 6 |  6.0
Conjurations   | 1 2 3 4 |  4.9
Hexes          | 1 2 3 4 |  4.9
Summonings     | 1 2 3 4 |  4.9
Necromancy     | 1 2 3 4 |  4.9
Translocations | 1 2 3 4 |  4.9
Transmutations | 1 2 3 4 |  4.9
Fire Magic     | 1 2 3 4 |  4.9
Ice Magic      | 1 2 3 4 |  4.9
Air Magic      | 1 2 3 4 |  4.9
Earth Magic    | 1 2 3 4 |  4.9
Poison Magic   | 1 2 3 4 |  4.9
Polearms       | 5 6 7 |  7.6
Fighting       | 7 8 9 |  9.0
Armour         | 7 8 9 |  9.0
Shields        | 7 8 9 |  9.0

Action                   |  1- 3 |  4- 6 |  7- 9 | 10-12 || total
-------------------------+-------+-------+-------+-------++-------
Melee: Trident           |    44 |   144 |   273 |   139 ||   600
       Bite              |     1 |    20 |    43 |    30 ||    94
       Whip              |       |    13 |    10 |       ||    23
       Dagger            |       |     5 |    65 |    25 ||    95
       Short sword       |       |       |       |   106 ||   106
       Rapier            |       |       |       |    37 ||    37
 Fire: Sling             |    71 |    85 |    98 |    97 ||   351
Invok: Heroism           |       |       |     1 |       ||     1
Evoke: Wand              |       |       |     5 |       ||     5
  Use: Scroll            |       |     5 |     6 |     5 ||    16
       Potion            |       |     1 |     2 |     2 ||     5
 Stab: Petrified         |       |       |     1 |       ||     1
Armor: Scale mail        |    45 |    70 |   152 |   159 ||   426
Dodge: Dodged            |    35 |    86 |   161 |   226 ||   508
Block: Buckler           |    27 |    46 |    93 |   110 ||   276

Table legend: (Time is in decaauts)
 A = Elapsed time spent in this place.
 B = Non-inter-level travel time spent in this place.
 C = Inter-level travel time spent in this place.
 D = Time resting spent in this place.
 E = Time spent auto-exploring this place.
 F = Levels seen in this place.
 G = Mean time per level.
                   A        B        C        D        E       F      G
               +--------+--------+--------+--------+--------+-----+--------+
         Total |  13687 |  13186 |    501 |   1513 |   9456 |  12 | 1140.6 |
       Dungeon |  13672 |  13177 |    495 |   1513 |   9456 |  11 | 1242.9 |
        Temple |     14 |      8 |      6 |      0 |      0 |   1 |   14.0 |
               +--------+--------+--------+--------+--------+-----+--------+

Top non-repeatable levels by time:
     D:7: 1960 daAuts
     D:4: 1711 daAuts
     D:6: 1385 daAuts
     D:5: 1377 daAuts
     D:9: 1217 daAuts
     D:8: 1198 daAuts
    D:10: 1189 daAuts
     D:1: 1164 daAuts
     D:3: 1148 daAuts
     D:2: 1118 daAuts
    D:11: 202 daAuts
  Temple: 14 daAuts
